 Dungeon Crawl Stone Soup version 0.30-a0-586-g23e55c9e0a (webtiles) character file.

Game seed: 13338583382288176038

315326 bmack86 the Severer (level 20, -3/187 HPs)
             Began as a Minotaur Fighter on Jan 3, 2023.
             Was the Champion of Okawaru.
             Killed from afar by a tengu reaver (24 damage)
             ... with a bolt of lightning
             ... on level 5 of the Vaults on Jan 4, 2023.
             The game lasted 02:00:27 (30358 turns).

bmack86 the Severer (Minotaur Fighter)             Turns: 30358, Time: 02:00:27

Health: -3/187     AC: 54    Str: 25    XL:     20   Next: 84%
Magic:  38/38      EV:  9    Int:  5    God:    Okawaru [******]
Gold:   1253       SH: 30    Dex: 11    Spells: 19/19 levels left

rFire   . . .      SeeInvis .    w - +8 mithril axe "Arga" {speed, Will+}
rCold   + + +      Faith    .    Q - +7 tower shield "Udgho" {+Inv rC+ rN+++ Str-4}
rNeg    + + +      Spirit   .    g - +11 crystal plate armour of Huptuu {MP+9}
rPois   .          Reflect  .    G - +2 hat {Will+}
rElec   .          Harm     .    V - +2 cloak {rC+}
rCorr   .          Rampage  .    T - +1 pair of gloves "Mewac" {rC+}
Will    ++++.                    k - +2 pair of boots Stlth
                                 o - amulet of regeneration
HPRegen 1.31/turn                R - ring of willpower
MPRegen 0.26/turn                c - +4 ring of slaying

@: lethally poisoned (-3 -> -4), heroic, studying Armour
A: horns 2, retaliatory headbutt
}: 1/15 runes: serpentine
a: Renounce Religion, Evoke Invisibility, Heroism, Finesse, Duel


You were on level 5 of the Vaults.
You worshipped Okawaru.
Okawaru was exalted by your worship.
You visited 6 branches of the dungeon, and saw 32 of its levels.
You visited 1 bazaar.
You also visited: Ice Cave and Wizlab.

You collected 4245 gold pieces.
You spent 2992 gold pieces at shops.

Inventory:

Hand Weapons
 w - the +8 mithril axe "Arga" (weapon) {speed, Will+}
   (Okawaru gifted it to you on level 14 of the Dungeon)

   Attacks with this weapon are significantly faster.
   Will:      It increases your willpower.
 D - a +9 broad axe of flaming
 Z - the +6 broad axe of Voze {antimagic, Str+2 Dex+4}
   (You found it on level 12 of the Dungeon)

   It reduces the magical energy of the wielder, and disrupts the spells and
   magical abilities of those it strikes.
   Natural abilities and divine invocations are not affected.
   Str:       It affects your strength (+2).
   Dex:       It affects your dexterity (+4).
Missiles
 s - 6 silver javelins
 E - 11 javelins
 I - 16 boomerangs (quivered)
 L - 4 silver boomerangs
 P - 4 throwing nets
Armour
 g - the +11 crystal plate armour of Huptuu (worn) {MP+9}
   (You acquired it in a wizard's laboratory)

   MP:        It affects your magic capacity (+9).
 k - a +2 pair of boots (worn)
 C - the +6 plate armour "Dithakur" {*Corrode rElec rPois rN++}
   (You bought it in a shop on level 8 of the Dungeon)

   rElec:     It insulates you from electricity.
   rPois:     It protects you from poison.
   rN:        It greatly protects you from negative energy.
   *Corrode:  It may corrode you when you take damage.
 G - a +2 hat of willpower (worn)
 Q - the +7 tower shield "Udgho" (worn) {+Inv rC+ rN+++ Str-4}
   (Okawaru gifted it to you on level 11 of the Dungeon)

   Str:       It affects your strength (-4).
   rC:        It protects you from cold.
   rN:        It renders you almost immune to negative energy.
   +Inv:      It lets you turn invisible.
 T - the +1 pair of gloves "Mewac" (worn) {rC+}
   (Okawaru gifted it to you on level 3 of the Lair of Beasts)

   rC:        It protects you from cold.
 V - a +2 cloak of cold resistance (worn)
Jewellery
 b - an amulet of reflection
 c - a +4 ring of slaying (right hand)
 l - a ring of protection from cold
 o - an amulet of regeneration (around neck)
 r - a ring of see invisible
 y - a ring of ice
 z - a ring of poison resistance
 B - an amulet of guardian spirit
 F - a +5 ring of evasion
 J - a +6 ring of dexterity
 K - a ring of protection from fire
 M - the ring of the Will of the Gods {rF+ AC+4 Str+2 Dex+2}
   (You bought it in a shop on level 3 of the Dungeon)

   [ring of protection]

   AC:        It affects your AC (+4).
   Str:       It affects your strength (+2).
   Dex:       It affects your dexterity (+2).
   rF:        It protects you from fire.
 R - a ring of willpower (left hand)
Wands
 j - a wand of polymorph (4)
Scrolls
 a - 3 scrolls of enchant armour
 f - 10 scrolls of teleportation
 i - 4 scrolls of fear
 m - a scroll of silence
 H - 9 scrolls of blinking
 N - 3 scrolls of enchant weapon
 S - a scroll of poison
 U - 3 scrolls of magic mapping
 W - 4 scrolls of fog
 Y - a scroll of brand weapon
Potions
 d - 7 potions of might
 e - a potion of brilliance
 h - 11 potions of haste
 n - 6 potions of flight
 p - a potion of curing
 q - 4 potions of magic
 t - 4 potions of berserk rage
 u - 2 potions of ambrosia
 v - 5 potions of resistance
 x - 8 potions of invisibility
 A - a potion of heal wounds
 O - 6 potions of cancellation


   Skills:
 + Level 17.7(22.7) Fighting
 + Level 20.8(25.8) Axes
 + Level 14.5(19.5) Throwing
 + Level 20.1(25.1) Armour
 * Level 20.8(25.8) Shields
 + Level 13.4 Invocations


You had 19 spell levels left.
You didn't know any spells.
Your spell library contained the following spells:

 Spells                   Type           Power      Damage    Failure   Level
 Apportation              Tloc           0%         N/A       99%         1
 Beastly Appendage        Tmut           0%         N/A       99%         1
 Magic Dart               Conj           0%         1d3       99%         1
 Necrotise                Necr           0%         1d4       99%         1
 Cigotuvi's Dreadful Rot  Necr/Pois/Air  0%         N/A       100%        2
 Ensorcelled Hibernation  Hex/Ice        0%         N/A       100%        2
 Passwall                 Tmut/Erth      0%         N/A       100%        2
 Poisonous Vapours        Pois/Air       0%         N/A       100%        2
 Searing Ray              Conj           0%         2d4       100%        2
 Frozen Ramparts          Ice            0%         1d1       100%        3
 Ignite Poison            Fire/Tmut/Pois 0%         N/A       100%        3
 Lesser Beckoning         Tloc           0%         N/A       100%        3
 Mephitic Cloud           Conj/Pois/Air  0%         N/A       100%        3
 Portal Projectile        Hex/Tloc       0%         N/A       100%        3
 Swiftness                Air            0%         N/A       100%        3
 Vhi's Electric Charge    Tloc/Air       0%         N/A       100%        3
 Cause Fear               Hex            0%         N/A       100%        4
 Dispel Undead            Necr           0%         3d6       100%        4
 Fulminant Prism          Conj/Hex       0%         3d5       100%        4
 Ice Form                 Ice/Tmut       0%         N/A       100%        4
 Iskenderun's Mystic Bla  Conj/Tloc      0%         2d3       100%        4
 Leda's Liquefaction      Hex/Erth       0%         N/A       100%        4
 Passage of Golubria      Tloc           0%         N/A       100%        4
 Sticky Flame             Conj/Fire      0%         2d3       100%        4
 Arcjolt                  Conj/Air       0%         1d10      100%        5
 Metabolic Englaciation   Hex/Ice        0%         N/A       100%        5
 Dragon Form              Tmut           0%         N/A       100%        7
 Borgnjor's Revivificati  Necr           0%         N/A       100%        8
 Ignition                 Fire           0%         3d3       100%        8
 Maxwell's Capacitive Co  Air            0%         ∞         100%        8
 Necromutation            Tmut/Necr      0%         N/A       100%        8
 Death's Door             Necr           0%         N/A       100%        9
 Summon Small Mammal      Summ           Unusable   N/A       N/A         1
 Call Canine Familiar     Summ           Unusable   N/A       N/A         3
 Animate Armour           Summ/Erth      Unusable   N/A       N/A         4
 Death Channel            Necr           Unusable   N/A       N/A         6
 Dragon's Call            Summ           Unusable   N/A       N/A         9

Dungeon Overview and Level Annotations

Branches:
Dungeon (15/15)            Temple (1/1) D:5            Lair (5/5) D:11
 Shoals (0/4) Lair:2        Snake (4/4) Lair:3        Slime (0/5) Lair:5
    Orc (2/2) D:9             Elf (0/3) Orc:2        Vaults (5/5) D:14
 Depths (0/4) D:15          IceCv (visited)          WizLab (visited)
  Crypt: Vaults:2-3

Altars:
Ashenzari
Cheibriados
Dithmenos
Elyvilon
Fedhas
Gozag
Hepliaklqana
Kikubaaqudgha
Makhleb
Nemelex Xobeh
Okawaru
Qazlal
Ru
Sif Muna
Trog
Uskayaw
Vehumet
Wu Jian
Xom
Yredelemnul
Zin
The Shining One
Jiyva

Shops:
D:3 =   D:5 =   D:8 [   D:9 ?   Orc:2 ?([=(   Snake:2 [   Snake:3 ??*[
Vaults:4 ?


Innate Abilities, Weirdness & Mutations

You have a pair of horns on your head.
You reflexively headbutt those who attack you in melee.


Message History

The tengu reaver seems to grow stronger.
You block the tengu reaver's attack. x3
You hit the ironbound convoker but do no damage.
You headbutt the ironbound convoker.
The ironbound convoker is almost dead.
You hit the tengu reaver.
You feel very sick.
You slice the ironbound convoker!!
You kill the ironbound convoker!
Okawaru accepts your kill.
You slash the tengu reaver!
You feel sick.
The vault warden activates a sealing rune.
A door slams shut!
You block the tengu reaver's attack. x2
The tengu reaver pecks you but does no damage.
You block the tengu reaver's attack.
You feel very sick. You block the vault warden's attack.
The tengu reaver hits you but does no damage.
The tengu reaver gestures at you while chanting.
The bolt of lightning misses you.
Items here: ) ? [ †.
You slice the human!!
The human is severely wounded.
You slice the tengu reaver!!
You feel sick.
You cut the human into ribbons!!!
You kill the human!
Okawaru accepts your kill.
The human's shape twists and changes as it dies.
You slice the tengu reaver!!
You kill the tengu reaver!
Okawaru accepts your kill.
You feel sick.
You feel very sick.
The tengu reaver hits you but does no damage.
You block the vault warden's attack.
You see here a glowing shapeshifter corpse.
You feel sick.
The tengu reaver points at you and mumbles some strange words.
The bolt of lightning hits you!!
You die...

#'##'##'##....# . #
........##....# #.## ..#
.'##'....#....# ...## ...
#$$#.(..#....# ....# ...
#.=#.†..#....##..... ... .'
#')))##....#..... ..#
.......#+..).pQ..# #
########[†...)..#################
..............)†@................
.................).).............
#################################


You could see a vault warden and a tengu reaver.

Vanquished Creatures
  Saint Roka (Vaults:1)
  2 golden dragons (Vaults:5)
  A tentacled monstrosity (Vaults:5)
  A lich (Vaults:4)
  4 titans (Vaults:5)
  Gastronok (Lair:1)
  An acid blob (WizLab)
  3 sphinxes
  3 shadow dragons (Vaults:5)
  7 nagarajas
  2 tengu reavers (Vaults:5)
  4 storm dragons (Vaults:5)
  2 fire giants
  5 frost giants
  11 vault wardens
  4 deep elf sorcerers
  Aizul (Snake:1)
  6 stone giants
  3 demonspawn corrupters (WizLab)
  2 orc warlords
  2 war gargoyles
  9 ironbound preservers
  2 very ugly things
  3 ironbound thunderhulks
  Azrael (Orc:2)
  A deep elf annihilator (Vaults:5)
  5 dire elephants
  4 ettins
  A merfolk javelineer (WizLab)
  The ghost of billz999 the Fighter, a journeyman DjIE of Makhleb (Orc:2)
  2 entropy weavers
  4 great orbs of eyes (Vaults:4)
  A deep elf high priest (WizLab)
  Harold (D:11)
  9 yaktaur captains
  A rakshasa (D:15)
  The ghost of Shayle the Reanimator, a journeyman DsRe of Ashenzari (Lair:4)
  3 ogre magi
  27 vault guards
  4 hydras
  2 salamander tyrants
  6 catoblepae
  2 ironbound frosthearts (Vaults:4)
  9 anacondas
  The ghost of Geuwk the Demonic Cataclysm, a journeyman DsTm of Qazlal (D:12)
  A peacekeeper (Vaults:1)
  The ghost of Lobster4 the Summoner, a journeyman HuSu of Hepliaklqana (Orc:2)
  Erica (D:8)
  2 dancing weapons (D:14)
  7 boulder beetles
  4 centaur warriors
  A merfolk aquamancer (WizLab)
  8 two-headed ogres
  9 naga warriors
  The ghost of SirDiesAlot the Tainter, a journeyman SpFE (Orc:2)
  3 tengu warriors
  19 death yaks
  23 naga sharpshooters
  A deep troll earth mage (D:12)
  8 shock serpents
  An orc high priest (Orc:2)
  Amaemon (D:9)
  6 skeletal warriors
  A hell knight (Vaults:5)
  A shadow wraith (Vaults:5)
  4 salamander mystics
  A sea snake (shapeshifter) (Vaults:5)
  A spriggan druid (WizLab)
  A glowing orange brain (Vaults:2)
  11 deep trolls
  6 naga ritualists
  An obsidian statue (Vaults:1)
  8 lindwurms
  9 wizards
  14 ironbound convokers
  4 phantasmal warriors (Vaults:5)
  2 deep elf pyromancers
  8 manticores
  A mana viper (shapeshifter) (Vaults:4)
  2 oklob plants (Lair:2)
  A wolf spider (D:12)
  9 cyclopes
  An orc sorcerer (Orc:2)
  8 mana vipers
  7 orc knights
  15 ugly things
  A moth of wrath (D:12)
  3 worldbinders (WizLab)
  9 salamanders
  An ice statue (IceCv)
  A black mamba (shapeshifter) (D:14)
  A guardian serpent (Snake:3)
  16 naga magi
  6 vault sentinels
  36 black mambas
  An orange demon (D:9)
  A torpor snail (shapeshifter) (Vaults:5)
  Maggie (D:8)
  A cane toad (shapeshifter) (D:14)
  5 unseen horrors
  10 komodo dragons
  2 gargoyles
  3 kobold demonologists (D:9)
  12 cane toads
  24 yaktaurs
  10 rime drakes
  An efreet (D:12)
  A tengu conjurer (D:15)
  A freezing wraith (Vaults:5)
  A queen bee (shapeshifter) (D:15)
  7 polar bears
  3 meliai (D:13)
  8 trolls
  A hornet (D:7)
  22 blink frogs
  A snapping turtle (shapeshifter) (Vaults:5)
  A snapping turtle (Lair:2)
  16 slime creatures
  A centaur simulacrum (D:14)
  4 shadows
  5 wraiths
  A basilisk (shapeshifter) (D:12)
  A water elemental (D:13)
  2 wyverns (Lair:2)
  5 basilisks
  2 fire elementals (Orc:2)
  A steam dragon (D:5)
  A catoblepas simulacrum (Lair:3)
  A redback (shapeshifter) (WizLab)
  A human (shapeshifter) (Vaults:5)
  2 vampire mosquitoes
  53 yaks
  Grum (Lair:1)
  2 wargs
  2 acid dragons (D:12)
  14 water moccasins
  4 hell hounds (Orc:2)
  58 nagas
  A hydra simulacrum (Lair:3)
  A floating eye (shapeshifter) (Vaults:5)
  3 sky beasts
  39 orc warriors
  4 black bears
  2 ice beasts
  7 ogres
  A boggart (Vaults:2)
  A boggart (shapeshifter) (Vaults:5)
  10 centaurs
  16 wolves
  2 phantoms
  4 kobold brigands
  10 bullfrogs
  A necrophage (D:6)
  5 scorpions (D:4)
  3 gnoll sergeants
  A cane toad simulacrum (Lair:3)
  3 wights (D:10)
  A blink frog simulacrum (Lair:3)
  3 electric eels
  6 howler monkeys
  4 hounds
  2 jellies
  23 orc priests
  Jessica (D:3)
  3 iguanas
  21 orc wizards
  8 hell rats (Lair:1)
  A polar bear simulacrum (Lair:3)
  Robin (D:3)
  4 gnolls
  15 river rats (Lair:1)
  6 adders
  3 shadow imps
  13 white imps
  An ufetubus (D:5)
  A dart slug (D:2)
  86 orcs
  3 ball pythons
  A bat (D:3)
  5 endoplasms
  12 hobgoblins
  2 jackals (D:1)
  20 kobolds
  11 quokkas
  10 frilled lizards
  12 goblins
  15 rats
1155 creatures vanquished.

Vanquished Creatures (others)
  A wizard (WizLab)
  A boggart (Vaults:2)
  An orc priest (Orc:2)
  An orc (Orc:2)
  5 fungi
  14 plants
23 creatures vanquished.

Grand Total: 1178 creatures vanquished

Notes
Turn   | Place    | Note
-------+----------+-------------------------------------------
     0 | D:1      | bmack86 the Minotaur Fighter began the quest for the Orb.
     0 | D:1      | Reached XP level 1. HP: 19/19 MP: 0/0
   293 | D:1      | Reached XP level 2. HP: 14/27 MP: 1/1
   533 | D:1      | You fall into a shaft and drop 1 floor!
   568 | D:2      | Reached XP level 3. HP: 28/33 MP: 2/2
   683 | D:2      | Identified the +0 ring mail of the Loofah {Rampage Dex+4}
  1404 | D:3      | Noticed Robin
  1416 | D:3      | Killed Robin
  1417 | D:3      | Reached XP level 4. HP: 27/40 MP: 3/3
  1420 | D:3      | Reached skill level 1 in Throwing
  1855 | D:3      | Found Ahar's One-of-a-Kind Rings.
  1968 | D:3      | Noticed Jessica
  1977 | D:3      | Killed Jessica
  2120 | D:3      | Identified the +1 leather armour of Vehumet's Inspiration
                  | {rC+++ Will- Dex+3}
  2349 | D:4      | Reached XP level 5. HP: 47/47 MP: 4/4
  2415 | D:4      | Reached XP level 6. HP: 53/53 MP: 5/5
  2511 | D:4      | Reached skill level 5 in Axes
  2663 | D:4      | Reached skill level 5 in Fighting
  2663 | D:4      | Reached skill level 5 in Shields
  2678 | D:4      | Reached skill level 5 in Armour
  2727 | D:4      | Reached XP level 7. HP: 61/61 MP: 6/6
  3113 | D:5      | Entered Level 5 of the Dungeon
  3237 | D:5      | Found a radiant altar of Vehumet.
  3242 | D:5      | Noticed a steam dragon
  3248 | D:5      | Killed a steam dragon
  3303 | D:5      | Found a staircase to the Ecumenical Temple.
  3320 | Temple   | Entered the Ecumenical Temple
  3339 | Temple   | Became a worshipper of Warmaster Okawaru
  3449 | D:5      | Reached XP level 8. HP: 70/70 MP: 7/7
  3463 | D:5      | Found Geluu's Jewellery Shop.
  3908 | D:6      | Reached * piety under Okawaru
  4657 | D:6      | Found a shimmering blue altar of Sif Muna.
  4658 | D:6      | Found a hazy altar of Hepliaklqana.
  4980 | D:7      | Found a sacrificial altar of Ru.
  4984 | D:7      | Found a bloodstained altar of Trog.
  5081 | D:7      | Noticed a hornet
  5096 | D:7      | Paralysed by a hornet for 2 turns
  5104 | D:7      | Killed a hornet
  5105 | D:7      | Reached XP level 9. HP: 13/78 MP: 5/8
  5184 | D:7      | Reached ** piety under Okawaru
  5500 | D:8      | Found Woddiu's Antique Armour Boutique.
  5589 | D:8      | Noticed Erica
  5617 | D:8      | Killed Erica
  5618 | D:8      | Reached skill level 5 in Throwing
  5866 | D:8      | Noticed Maggie
  5877 | D:8      | Killed Maggie
  5878 | D:8      | Reached skill level 10 in Axes
  5878 | D:8      | Reached skill level 1 in Invocations
  6321 | D:9      | Reached *** piety under Okawaru
  6322 | D:9      | Reached XP level 10. HP: 74/88 MP: 8/10
  6434 | D:9      | Noticed a two-headed ogre
  6448 | D:9      | Killed a two-headed ogre
  6450 | D:9      | Reached **** piety under Okawaru
  6551 | D:9      | Found a staircase to the Orcish Mines.
  6744 | D:9      | Received a gift from Okawaru
  6805 | D:9      | Noticed Amaemon
  6805 | D:9      | Noticed an orange demon
  6816 | D:9      | Killed Amaemon
  6817 | D:9      | Reached XP level 11. HP: 89/95 MP: 10/12
  6825 | D:9      | Received a gift from Okawaru
  6850 | D:9      | Found Ciyneuc's Magic Scroll Shop.
  6856 | D:9      | Bought a scroll of enchant armour for 105 gold pieces
  7033 | D:9      | Found a snail-covered altar of Cheibriados.
  7035 | D:9      | Found a shimmering altar of Xom.
  7035 | D:9      | Found a sacrificial altar of Ru.
  7037 | D:9      | Found a hazy altar of Hepliaklqana.
  7037 | D:9      | Found a basalt altar of Yredelemnul.
  7037 | D:9      | Found a blossoming altar of Fedhas.
  7217 | D:10     | Entered Level 10 of the Dungeon
  7309 | D:10     | Noticed a boulder beetle
  7354 | D:10     | Killed a boulder beetle
  7469 | D:10     | Received a gift from Okawaru
  7782 | D:3      | Bought the ring of the Will of the Gods {rF+ AC+4 Str+2
                  | Dex+2} for 642 gold pieces
  8089 | D:11     | Noticed a two-headed ogre
  8095 | D:11     | Killed a two-headed ogre
  8126 | D:11     | Noticed a death yak
  8128 | D:11     | Found a staircase to the Lair.
  8134 | D:11     | Killed a death yak
  8135 | D:11     | Noticed a death yak
  8135 | D:11     | Noticed a death yak
  8135 | D:11     | Noticed a death yak
  8136 | D:11     | Noticed a death yak
  8138 | D:11     | Noticed a death yak
  8148 | D:11     | Killed a death yak
  8154 | D:11     | Killed a death yak
  8154 | D:11     | Received a gift from Okawaru
  8160 | D:11     | Killed a death yak
  8162 | D:11     | Killed a death yak
  8214 | D:11     | Reached ***** piety under Okawaru
  8263 | D:11     | Noticed Harold
  8281 | D:11     | Killed Harold
  8282 | D:11     | Reached skill level 10 in Armour
  8282 | D:11     | Reached skill level 5 in Invocations
  8347 | D:11     | Reached skill level 10 in Fighting
  8350 | D:11     | Reached skill level 10 in Shields
  8350 | D:11     | Reached XP level 12. HP: 52/106 MP: 14/14
  8432 | D:11     | Noticed a two-headed ogre
  8437 | D:11     | Killed a two-headed ogre
  8437 | D:11     | Identified the +7 tower shield "Udgho" {+Inv rC+ rN+++
                  | Str-4} (Okawaru gifted it to you on level 11 of the
                  | Dungeon)
  8437 | D:11     | Received a gift from Okawaru
  8939 | Lair:1   | Entered Level 1 of the Lair of Beasts
  8942 | Lair:1   | Noticed Grum
  8950 | Lair:1   | Killed Grum
  9619 | Lair:1   | Noticed Gastronok
  9637 | Lair:1   | Killed Gastronok
 10129 | Lair:2   | Received a gift from Okawaru
 10598 | Lair:2   | Found a staircase to the Shoals.
 10610 | Lair:2   | Received a gift from Okawaru
 10660 | Lair:2   | Found a blossoming altar of Fedhas.
 11239 | Lair:3   | Received a gift from Okawaru
 11280 | Lair:3   | Identified the +1 pair of gloves "Mewac" {rC+} (Okawaru
                  | gifted it to you on level 3 of the Lair of Beasts)
 11280 | Lair:3   | Received a gift from Okawaru
 11281 | Lair:3   | Reached XP level 13. HP: 100/116 MP: 16/16
 11385 | Lair:3   | Found a runed translucent gate.
 11386 | Lair:3   | Found a runed translucent gate.
 11387 | Lair:3   | Found a runed translucent gate.
 11442 | Lair:3   | Noticed Shayle's ghost (journeyman DsRe)
 11671 | Lair:3   | Found a staircase to the Snake Pit.
 11814 | Lair:3   | Reached skill level 15 in Axes
 11888 | Lair:4   | Killed Shayle's ghost
 12089 | Lair:4   | Reached XP level 14. HP: 125/125 MP: 18/18
 12808 | Lair:5   | Entered Level 5 of the Lair of Beasts
 13019 | Lair:5   | Found a staircase to the Slime Pits.
 13021 | Lair:5   | Found a viscous altar of Jiyva.
 13481 | Lair:5   | Identified the +0 ring mail of Qaysen {rPois rC+ Str+8
                  | Dex-2} (Okawaru gifted it to you on level 5 of the Lair of
                  | Beasts)
 13481 | Lair:5   | Received a gift from Okawaru
 14512 | D:12     | Noticed a fire giant
 14512 | D:12     | Noticed a sphinx
 14512 | D:12     | Noticed a frost giant
 14520 | D:12     | Killed a sphinx
 14521 | D:12     | Reached XP level 15. HP: 69/134 MP: 12/20
 14524 | D:12     | Killed a frost giant
 14528 | D:12     | Killed a fire giant
 14635 | D:12     | Got the Directory of Command and Glaciation
 14662 | D:12     | Reached skill level 10 in Throwing
 14877 | D:12     | Received a gift from Okawaru
 14917 | D:12     | Identified the +6 broad axe of Voze {antimagic, Str+2
                  | Dex+4}
 14979 | D:12     | Identified the +0 pair of gloves of the Secret Friars {MP+9
                  | Str-2 Int+3} (Okawaru gifted it to you on level 12 of the
                  | Dungeon)
 14979 | D:12     | Received a gift from Okawaru
 15069 | D:12     | Found a transporter.
 15100 | D:12     | Found a transporter.
 15104 | D:12     | Noticed Geuwk's ghost (journeyman DsTm)
 15146 | D:12     | Killed Geuwk's ghost
 16763 | D:14     | Found a gate to the Vaults.
 17297 | D:14     | Reached XP level 16. HP: 145/145 MP: 22/22
 17382 | D:14     | Received a gift from Okawaru
 17382 | D:14     | Found the +8 mithril axe "Arga" {speed, Will+}
 17517 | D:15     | Entered Level 15 of the Dungeon
 17921 | D:15     | Found a staircase to the Depths.
 18485 | D:8      | Bought a bloodstained plate armour for 924 gold pieces
 18485 | D:8      | Identified the +6 plate armour "Dithakur" {*Corrode rElec
                  | rPois rN++} (You bought it in a shop on level 8 of the
                  | Dungeon)
 18564 | Orc:1    | Entered Level 1 of the Orcish Mines
 19092 | Orc:2    | Entered Level 2 of the Orcish Mines
 19111 | Orc:2    | Found Kyurr's Jewellery Shoppe.
 19136 | Orc:2    | Noticed Azrael
 19153 | Orc:2    | Killed Azrael
 19191 | Orc:2    | Found a runed translucent gate.
 19191 | Orc:2    | Found a runed translucent gate.
 19196 | Orc:2    | Found a runed translucent gate.
 19211 | Orc:2    | Found Waging's Antique Weapon Emporium.
 19326 | Orc:2    | Found a frozen archway.
 19375 | IceCv    | Entered an ice cave
 19564 | IceCv    | Reached skill level 15 in Shields
 19818 | IceCv    | Received a gift from Okawaru
 20051 | Orc:2    | Found a staircase to the Elven Halls.
 20187 | Orc:2    | Found Naapim's Magic Scroll Shoppe.
 20221 | Orc:2    | Bought a scroll of enchant armour for 97 gold pieces
 20251 | Orc:2    | Reached skill level 10 in Invocations
 20653 | Orc:2    | Found Woqizxov's Antique Armour Shoppe.
 20660 | Orc:2    | Found Hilelu's Antique Weapon Emporium.
 20846 | Orc:2    | Noticed SirDiesAlot's ghost (journeyman SpFE)
 20846 | Orc:2    | Noticed billz999's ghost (journeyman DjIE)
 20846 | Orc:2    | Noticed Lobster4's ghost (journeyman HuSu)
 20852 | Orc:2    | Killed SirDiesAlot's ghost
 20867 | Orc:2    | Killed Lobster4's ghost
 20885 | Orc:2    | Killed billz999's ghost
 20885 | Orc:2    | Received a gift from Okawaru
 21031 | D:8      | Bought a polished plate armour for 924 gold pieces
 21031 | D:8      | Identified the +0 plate armour of Ferrafakk {rF- MP+9
                  | Dex+4} (You bought it in a shop on level 8 of the Dungeon)
 21166 | Snake:1  | Entered Level 1 of the Snake Pit
 21290 | Snake:1  | Identified a scroll of acquirement
 21477 | Snake:1  | Received a gift from Okawaru
 21623 | Snake:1  | Noticed Aizul
 21656 | Snake:1  | Killed Aizul
 21738 | Snake:1  | Reached XP level 17. HP: 92/154 MP: 23/23
 21861 | Snake:1  | Reached skill level 15 in Armour
 21903 | Snake:1  | Acquired a manual of Armour
 22138 | Snake:1  | Got the Enchiridion on the Traveller
 22374 | Snake:2  | Reached skill level 15 in Fighting
 22597 | Snake:2  | Reached ****** piety under Okawaru
 22614 | Snake:2  | Found Qyvvash's Antique Armour Boutique.
 22839 | Snake:3  | Received a gift from Okawaru
 22937 | Snake:3  | Found Irubrigae's Magic Scroll Shoppe.
 22941 | Snake:3  | Found Giaraq's General Store.
 22941 | Snake:3  | Found Zenwon's Magic Scroll Shoppe.
 22945 | Snake:3  | Found Moliwkes's Antique Armour Emporium.
 22951 | Snake:3  | Bought a scroll of enchant armour for 120 gold pieces
 23056 | Snake:3  | Received a gift from Okawaru
 23316 | Snake:3  | Received a gift from Okawaru
 23477 | Snake:3  | Identified the +6 plate armour of Luat {+Inv Dex+9 Stlth-}
                  | (Okawaru gifted it to you on level 3 of the Snake Pit)
 23477 | Snake:3  | Received a gift from Okawaru
 24168 | Snake:4  | Entered Level 4 of the Snake Pit
 24623 | Snake:4  | Reached XP level 18. HP: 165/165 MP: 25/25
 25514 | Snake:4  | Got a serpentine rune of Zot
 25786 | Vaults:1 | Entered Level 1 of the Vaults
 25799 | Vaults:1 | Received a gift from Okawaru
 25849 | Vaults:1 | Received a gift from Okawaru
 25855 | Vaults:1 | Reached XP level 19. HP: 160/172 MP: 26/26
 25943 | Vaults:1 | Received a gift from Okawaru
 25974 | Vaults:1 | Noticed Saint Roka
 26006 | Vaults:1 | Killed Saint Roka
 26078 | Vaults:1 | Identified the +7 battleaxe "Nashouth" {heavy, Dex+4}
                  | (Okawaru gifted it to you on level 1 of the Vaults)
 26078 | Vaults:1 | Received a gift from Okawaru
 26239 | Vaults:1 | Found a gateway to a bazaar.
 26283 | Bazaar   | Entered a bazaar
 26283 | Bazaar   | Found Zilushro's Antique Armour Shoppe.
 26297 | Bazaar   | Found Hozxad's Distillery.
 26309 | Bazaar   | Bought a potion of heal wounds for 60 gold pieces
 26309 | Bazaar   | Bought 2 potions of heal wounds for 120 gold pieces
 26312 | Bazaar   | Found Byzetil's Antique Weapon Emporium.
 26324 | Bazaar   | Found Moag's Jewellery Emporium.
 26335 | Bazaar   | Found Ismyxzei's General Store.
 26898 | Vaults:2 | Received a gift from Okawaru
 26923 | Vaults:3 | You fall into a shaft and drop 1 floor!
 26995 | Vaults:4 | Found Moucvipi's Magic Scroll Boutique.
 27143 | Vaults:4 | Found a magical portal.
 27148 | WizLab   | Entered Alistair's Party Mansion
 27226 | WizLab   | Received a gift from Okawaru
 27457 | WizLab   | Received a gift from Okawaru
 27651 | WizLab   | Got Agentic's Handbook of the Bouncing Spines
 27892 | WizLab   | Acquired the +11 crystal plate armour of Huptuu {MP+9}
 28477 | Vaults:4 | Identified the +0 chain mail of the Fife {rPois Int+3
                  | Dex-5} (Okawaru gifted it to you on level 4 of the Vaults)
 28477 | Vaults:4 | Received a gift from Okawaru
 29301 | Vaults:5 | Entered Level 5 of the Vaults
 29315 | Vaults:4 | Reached XP level 20. HP: 174/183 MP: 28/28
 29510 | Vaults:5 | Received a gift from Okawaru
 29666 | Vaults:5 | Found the +2 hat of the Bear Spirit {Spirit, *Rage Will++}
 30021 | Vaults:5 | Noticed a golden dragon
 30034 | Vaults:5 | Killed a golden dragon
 30040 | Vaults:5 | Identified the +7 flail "Roavoeto" {protect, rElec Will+}
 30214 | Vaults:5 | Noticed a golden dragon
 30223 | Vaults:5 | Killed a golden dragon
 30246 | Vaults:5 | Received a gift from Okawaru
 30358 | Vaults:5 | Killed from afar by a tengu reaver

Illustrated notes

Levels and vault maps discovered:
D:1:      dpeg_arrival_signposts, layout_rooms, minmay_lizard_king
D:2:      layout_loops_ring
D:3:      layout_loops_ring, grunt_ministairs_10, nicolae_shop_unique_rings,
          uniq_jessica, uniq_robin
D:4:      layout_gridville
D:5:      layout_cave_pools, mainiacjoe_overflow_alcove_1,
          minmay_temple_entry_drinking_statues, serial_shops, shop
D:6:      layout_basic, gammafunk_temple_overflow_statue
D:7:      layout_basic, grunt_temple_overflow_open, hangedman_decor_peaks_small
D:8:      layout_loops_cross, serial_glass, glass_columns_c, glass_columns_b,
          serial_shops, shop, uniq_erica, uniq_maggie
D:9:      layout_stronghold, doesnt_xom_only_xom, david_orc_5, serial_shops,
          shop, uniq_amaemon
D:10:     layout_gridville
D:11:     layout_roguey, dpeg_lair_monsters, uniq_harold
D:12:     minmay_heptahexagon, layout_basic, gammafunk_ghost_berserking_beasts,
          minmay_splitting_lines, minmay_quadrilaterals
D:13:     layout_loops_ring, amcnicky_mini_pool_medium
D:14:     layout_irregular_city, erik_vaults_1, minivault_19
D:15:     grunt_enter_depths_giant_problem, layout_basic,
          hellmonk_bongcloud_opening
Temple:   nicolae_temple_x_marks_the_god
Lair:1:   lemuel_ratsnest, layout_gridlike, beast_lair_carwin_4, uniq_gastronok,
          uniq_grum
Lair:2:   layout_layer_cave, minmay_shoals_entry_hut, hangedman_tree_tricks,
          grunt_megastairs_4, lemuel_fruit_fields, lemuel_fruit_tree,
          lemuel_fruit_fields
Lair:3:   layout_big_grid, minmay_snake_entry_guardpost_small,
          gammafunk_ghost_icy, gammafunk_lair_bear_cave
Lair:4:   layout_regular_city
Lair:5:   evilmike_catoblepas_cave, layout_cave_pods, slime_entry_1,
          lemuel_fruit_fields
Snake:1:  layout_misc_corridors, nicolae_snake_snakewalk, uniq_aizul
Snake:2:  layout_grid_shapes, special_room, serial_shops,
          nicolae_shop_hallway_plus
Snake:3:  layout_chambers, minmay_shoptagon
Snake:4:  minmay_snake_end_coiled, layout_layer_cave
Orc:1:    layout_diamond_mine, minmay_orc_keep
Orc:2:    grunt_orc_community_town_hall, layout_diamond_mine,
          grunt_orc_community_big_house_1, grunt_orc_community_big_house_1,
          grunt_orc_community_house_2, grunt_orc_community_house_3,
          grunt_orc_community_house_2, grunt_orc_community_house_3,
          grunt_orc_community_house_2, portal_ice_cave_entry_imps, serial_shops,
          shop, gammafunk_ghost_cemetery, mines2_lemuel, uniq_azrael
Vaults:1: nicolae_vaults_big_angled_halls, v_misc_11, vaults_room_pool,
          v_alt_pattern_6, vaults_room_grunt_arrival_ludios,
          vaults_room_door_ring, ontoclasm_vaults_twist, nicolae_vaults_meeting,
          vaults_dpeg_diagonal, v_rooms_3, layout_vaults_big_room, serial_shops,
          statue_bzr, uniq_saint_roka
Vaults:2: hangedman_vaults_impose, v_misc_27, nicolae_vaults_network_periphery,
          nicolae_vaults_sealed_display, v_misc_29,
          hangedman_vaults_corner_blocks, nicolae_vaults_network_s,
          ontoclasm_vaults_misaligned, grunt_vaults_focal,
          hangedman_vaults_stream, v_misc_17, vaults_room_fancy_cross,
          vaults_room_stairs_pillars, layout_vaults_ring, serial_shops,
          nicolae_lakefront_shop, uniq_boris
Vaults:3: v_misc_16, minmay_crypt_entry_simple_corners,
          nicolae_vaults_windows_and_doors_thing, vaults_room_large_hall,
          nicolae_vaults_little_squares_6, layout_vaults_omnigrid, uniq_mennas,
          uniq_nikola
Vaults:4: mu_enter_wizlab_2, vaults_room_pools, dpeg_vaults_hating_casters,
          grunt_vaults_hallway_long, vaults_room_fancy_cross, v_misc_19,
          grunt_vaults_funnel, v_pattern_3, v_misc_14,
          hangedman_vaults_river_flow, nicolae_vaults_big_angled_halls,
          hangedman_vaults_impose, grunt_vaults_hallway_short,
          ontoclasm_vaults_tryst, vaults_mumra_chevron, vaults_dpeg_ring,
          layout_vaults_omnibox, serial_shops, shop
Vaults:5

Skill      XL: |  1  2  3  4  5  6  7  8  9 10 11 12 13 14 15 16 17 18 19 20 |
---------------+-------------------------------------------------------------+-----
Axes           | 3 4 5 6 8 10 11 13 14 15 16 18 19 20 | 20.8
Shields        | 4 5 6 7 8 10 11 12 13 14 16 17 18 19 20 | 20.8
Armour         | 4 5 6 7 9 10 11 12 13 14 16 17 18 20 | 20.1
Fighting       | 4 5 6 7 8 10 11 12 13 14 15 16 17 | 17.7
Throwing       | 1 2 3 4 5 6 7 8 9 10 11 12 13 14 | 14.5
Invocations    | 1 3 5 6 7 8 9 10 11 12 13 | 13.4

Action                   |  1- 3 |  4- 6 |  7- 9 | 10-12 | 13-15 | 16-18 | 19-21 || total
-------------------------+-------+-------+-------+-------+-------+-------+-------++-------
Melee: War axe           |    68 |    57 |   195 |       |       |       |       ||   320
       Headbutt          |    10 |    13 |    39 |    88 |   138 |   232 |   271 ||   791
       Broad axe         |       |       |    25 |   394 |   577 |   985 |   803 ||  2784
Throw: Dart              |       |     3 |     1 |       |       |       |       ||     4
       Javelin           |       |       |     1 |     2 |       |       |       ||     3
       Boomerang         |       |       |       |     8 |       |    28 |    20 ||    56
Invok: Heroism           |       |       |     4 |    10 |     5 |     6 |     7 ||    32
       Finesse           |       |       |       |       |     3 |     5 |     6 ||    14
  Use: Scroll            |     6 |     3 |    10 |    18 |     5 |     4 |     5 ||    51
       Potion            |       |       |     1 |     1 |     2 |    12 |     8 ||    24
 Stab: Confused          |       |       |       |       |       |       |     1 ||     1
Armor: Scale mail        |    40 |    10 |       |       |       |       |       ||    50
       Chain mail        |       |    23 |   171 |    31 |       |       |       ||   225
       Plate armour      |       |       |       |   207 |   370 |   380 |   124 ||  1081
       Crystal plate arm |       |       |       |       |       |       |   338 ||   338
Dodge: Dodged            |    31 |    27 |   106 |   105 |   151 |   118 |   108 ||   646
Block: Buckler           |    21 |     7 |    64 |       |       |       |       ||    92
       Kite shield       |       |       |    11 |   243 |   302 |    90 |       ||   646
       Tower shield      |       |       |       |       |       |  1041 |   870 ||  1911

Table legend: (Time is in decaauts)
 A = Elapsed time spent in this place.
 B = Non-inter-level travel time spent in this place.
 C = Inter-level travel time spent in this place.
 D = Time resting spent in this place.
 E = Time spent auto-exploring this place.
 F = Levels seen in this place.
 G = Mean time per level.
                   A        B        C        D        E       F      G
               +--------+--------+--------+--------+--------+-----+--------+
         Total |  29515 |  27745 |   1770 |   1498 |  15223 |  35 |  843.3 |
       Dungeon |  13401 |  12286 |   1115 |    583 |   7632 |  15 |  893.4 |
        Temple |     88 |     88 |      0 |      0 |     33 |   1 |   88.0 |
          Lair |   5423 |   5115 |    308 |     86 |   3504 |   5 | 1084.6 |
     Snake Pit |   4194 |   3990 |    204 |    131 |   2230 |   4 | 1048.5 |
  Orcish Mines |   1697 |   1605 |     92 |      0 |    930 |   2 |  848.5 |
        Vaults |   3280 |   3232 |     48 |    360 |    624 |   5 |  656.0 |
        Bazaar |     86 |     86 |      0 |      0 |      0 |   1 |   86.0 |
      Ice Cave |    577 |    577 |      0 |      0 |    249 |   1 |  577.0 |
        Wizlab |    766 |    766 |      0 |    338 |     21 |   1 |  766.0 |
               +--------+--------+--------+--------+--------+-----+--------+

Top non-repeatable levels by time:
Vaults:4: 1609 daAuts
  Lair:5: 1350 daAuts
    D:12: 1344 daAuts
 Snake:4: 1309 daAuts
 Snake:3: 1287 daAuts
  Lair:2: 1251 daAuts
   Orc:2: 1191 daAuts
  Lair:1: 1152 daAuts
     D:9: 1061 daAuts
    D:11: 1049 daAuts
 Snake:1: 1028 daAuts
    D:13: 1022 daAuts
     D:8: 1001 daAuts
     D:4: 969 daAuts
  Lair:4: 946 daAuts
